 Dungeon Crawl Stone Soup version 0.20-a0-1017-gc3250ce (webtiles) character file.

317 kuniqs the Shield-Bearer (level 6, -3/49 HPs)
             Began as a Formicid Fighter on Apr 16, 2017.
             Killed from afar by Ijyb (20 damage)
             ... with a wand of lightning (?/15)
             ... on level 3 of the Dungeon.
             The game lasted 00:03:31 (2007 turns).

kuniqs the Shield-Bearer (Formicid Fighter)         Turns: 2007, Time: 00:03:32

Health: -3/49      AC: 11    Str: 21    XL:     6   Next: 73%
Magic:  6/6        EV:  7    Int:  7    God:
Gold:   101        SH: 10    Dex: 12    Spells: 5/5 levels left

rFire    . . .     SeeInvis +   a - +0 war axe
rCold    + . .     Gourm    .   c - +0 shield
rNeg     . . .     Faith    .   o - +0 chain mail
rPois    .         Spirit   .   (helmet unavailable)
rElec    .         Reflect  .   (no cloak)
rCorr    .         Harm     .   (no gloves)
MR       .....                  m - +1 pair of boots
Stlth    ..........             (no amulet)
Regen    0.2/turn               t - ring of protection from cold
MPRegen  0.1/turn               (no ring)

@: no status effects
A: permanent stasis, dig shafts and tunnels, four strong arms, antennae 3
a: Dig, Shaft Self


You were on level 3 of the Dungeon.
You were hungry.

You visited 1 branch of the dungeon, and saw 3 of its levels.

You collected 101 gold pieces.

Inventory:

Hand Weapons
 a - a +0 war axe (weapon)
Missiles
 p - 7 javelins (quivered)
Armour
 c - a +0 shield (worn)
 m - a +1 pair of boots (worn)
 o - a +0 chain mail (worn)
 s - a +0 large shield
Jewellery
 t - a ring of protection from cold (left hand)
Wands
 r - a wand of confusion (19/48)
Scrolls
 b - 2 scrolls of amnesia {unknown}
 i - a scroll of enchant weapon {unknown}
 j - a scroll of enchant armour {unknown}
 u - a scroll of teleportation {unknown}
Potions
 e - a potion of flight {unknown}
 h - a potion of heal wounds {unknown}
 k - a potion of magic {unknown}
 l - a potion of curing {unknown}
 n - a potion of might
Comestibles
 d - 5 bread rations
 f - 8 fruits
 q - a royal jelly


   Skills:
 + Level 4.5 Fighting
 + Level 3.2 Axes
 + Level 4.6 Armour
 + Level 2.1 Dodging
 + Level 5.0 Shields


You had 5 spell levels left.
You didn't know any spells.

Dungeon Overview and Level Annotations

Branches:
Dungeon (3/15)

Altars:

Annotations:
D:3 Ijyb


Innate Abilities, Weirdness & Mutations

You cannot be hasted, slowed, berserked, paralysed or teleported.
You can dig through walls and to a lower floor.
Your four strong arms can wield two-handed weapons with a shield.
You have a pair of large antennae on your head. (SInv)


Message History

You are too injured to fight recklessly!
You are too injured to fight recklessly!
Your shield and chain mail prevent you from hitting Ijyb.
You block Ijyb's attack.
You closely miss Ijyb. Ijyb barely misses you.
Ijyb hits you but does no damage.
Your shield and chain mail prevent you from hitting Ijyb.
Ijyb barely misses you.
You hit Ijyb but do no damage. You block Ijyb's attack.
You hit Ijyb but do no damage. Ijyb hits you but does no damage.
You hit Ijyb but do no damage. You block Ijyb's attack. x2
You closely miss Ijyb. Ijyb hits you with a club.
You hit Ijyb but do no damage.
Ijyb zaps a wand.
The bolt of lightning misses you.
You closely miss Ijyb. Ijyb hits you but does no damage.
You hit Ijyb but do no damage. Ijyb hits you with a club.
Ijyb hits you but does no damage.
You closely miss Ijyb. You block Ijyb's attack.
You hit Ijyb.
Ijyb zaps a wand.
The bolt of lightning hits you!
You die...

#.#.#..#.#.#
#.#.#.<#.#.#
#.#.##.#.#.#
#.#....#.#.#
#.######.#.#
#........#.#
##########.#
..).......#
#......@.##
......g..#
#........#
.........#
#........#
..........
##########


You could see Ijyb.

Vanquished Creatures
  The ghost of Hybris the Slinger, an amateur HaHu (D:3)
  Robin (D:2)
  3 gnolls (D:2)
  2 adders (D:2)
  An ooze (D:2)
  A worm (D:2)
  3 dart slugs
  A leopard gecko (D:2)
  4 bats
  13 giant cockroaches
  22 goblins
  4 hobgoblins
  A kobold (D:2)
  2 ball pythons (D:1)
  4 frilled lizards
  3 rats
66 creatures vanquished.

Notes
Turn   | Place    | Note
-------+----------+-------------------------------------------
     0 | D:1      | kuniqs the Formicid Fighter began the quest for the Orb.
     0 | D:1      | Reached XP level 1. HP: 18/18 MP: 1/1
   164 | D:1      | Reached XP level 2. HP: 24/24 MP: 2/2
   349 | D:1      | Reached XP level 3. HP: 25/29 MP: 3/3
   416 | D:1      | Reached skill level 1 in Dodging
   526 | D:1      | Reached skill level 4 in Shields
   939 | D:2      | Reached XP level 4. HP: 33/36 MP: 4/4
  1281 | D:2      | Reached XP level 5. HP: 32/42 MP: 5/5
  1370 | D:2      | Noticed Robin
  1401 | D:2      | Killed Robin
  1786 | D:3      | Noticed Hybris's ghost (amateur HaHu)
  1863 | D:3      | Killed Hybris's ghost
  1863 | D:3      | Reached skill level 5 in Shields
  1863 | D:3      | Reached XP level 6. HP: 37/49 MP: 6/6
  1988 | D:3      | Noticed Ijyb
  2007 | D:3      | Killed from afar by Ijyb

Vault maps used:
D:1:      dpeg_cavernosity, grunt_decor_arrowhead
D:2:      minmay_roachtagon, first_bread, uniq_robin
D:3:      uniq_iyjb

Skill      XL: |  1  2  3  4  5 |
---------------+----------------+-----
Dodging        | 1 2 |  2.1
Shields        | 4 5 |  5.0
Armour         | 4 |  4.6
Fighting       | 4 |  4.5
Axes           | 3 |  3.2

Action                   |  1- 3 |  4- 6 || total
-------------------------+-------+-------++-------
Melee: War axe           |   101 |   129 ||   230
 Abil: Dig               |     1 |     2 ||     3
  Eat: Chunk             |     1 |     3 ||     4
Armor: Scale mail        |    36 |       ||    36
       Chain mail        |    35 |    62 ||    97
Dodge: Dodged            |    30 |    35 ||    65
Block: Shield            |    64 |    83 ||   147
